 Dungeon Crawl Stone Soup version 0.29.1-1-gd02db6906a (webtiles) character file.

Game seed: 4983454977679759838

1479 Haiku the Sneak (level 8, 0/54 HPs)
             Began as a Felid Conjurer on Sept 22, 2022.
             Was a Priest of Wu Jian.
             Slain by a water moccasin zombie (1 damage)
             ... in an ossuary.
             The game lasted 00:53:30 (7910 turns).

Haiku the Sneak (Felid Conjurer)                    Turns: 7910, Time: 00:53:31

Health: 0/54       AC: 24    Str:  5 (7)  XL:     8   Next: 50%
Magic:  2/16       EV:  4    Int: 20      God:    Wu Jian [***...]
Gold:   312        SH:  0    Dex: 14      Spells: 5/17 levels left
                                        Lives:  0   Deaths: 2

rFire   . . .      SeeInvis +     - Unarmed
rCold   + . .      Faith    .   (shield unavailable)
rNeg    . . .      Spirit   .   (body armour unavailable)
rPois   +          Reflect  .   (helmet unavailable)
rElec   .          Harm     .   (cloak unavailable)
rCorr   .          Rampage  .   (gloves unavailable)
Will    +....      NoTele   +   (boots unavailable)
Stlth   ++++......              (no amulet)
HPRegen 0.18/turn               v - ring of wizardry
MPRegen 0.15/turn               i - ring of protection from cold

@: tree-form
A: stationary, stasis, torment immunity, boosted hp, very small, (claws 1),
(fangs 3), see invisible, (speed 1), (shaggy fur 2), (stealthy paws), no weapons
or thrown items, no armour, multi-lived, deterioration 1, MP-powered wands
a: Renounce Religion, Wall Jump, Serpent's Lash


You were in an ossuary.
You worshipped Wu Jian.
Wu Jian was most pleased with you.
You were a tree.
You visited 1 branch of the dungeon, and saw 7 of its levels.
You also visited: Sewer and Ossuary.

You collected 312 gold pieces.

Inventory:

Jewellery
 g - a +4 ring of evasion
 i - a ring of protection from cold (right branch)
 v - a ring of wizardry (left branch)
Wands
 r - a wand of iceblast (14)
 u - a wand of charming (4)
Scrolls
 b - 3 scrolls of vulnerability
 c - 5 scrolls of teleportation
 d - a scroll of magic mapping
 f - a scroll of enchant weapon
 h - 2 scrolls of enchant armour
 l - a scroll of fear
 n - a scroll of poison
 s - a scroll of blinking {unknown}
 t - a scroll of immolation {unknown}
Potions
 a - a potion of ambrosia {unknown}
 e - a potion of might
 j - a potion of attraction {unknown}
 m - 5 potions of flight
 o - a potion of resistance {unknown}
 p - 3 potions of degeneration


   Skills:
 * Level 3.7 Fighting
 * Level 6.1 Dodging
 * Level 7.3 Stealth
 * Level 3.9 Unarmed Combat
 * Level 5.1 Spellcasting
 * Level 6.4 Conjurations
 * Level 4.8 Hexes
 * Level 3.3 Translocations
 * Level 2.4 Fire Magic
 * Level 2.2 Evocations


You had 5 spell levels left.
You knew the following spells:

 Your Spells              Type           Power      Damage    Failure   Level
a - Magic Dart            Conj           100%       1d8       1%          1
b - Searing Ray           Conj           60%        2d6       1%          2
c - Fulminant Prism       Conj/Hex       13%        3d9       4%          4
d - Gell's Gravitas       Tloc           18%        N/A       3%          3
e - Scorch                Fire           28%        2d6       2%          2

Your spell library contained the following spells:

 Spells                   Type           Power      Damage    Failure   Level
 Dazzling Flash           Conj/Hex       54%        N/A       1%          3
 Lesser Beckoning         Tloc           18%        N/A       3%          3
 Teleport Other           Tloc           18%        N/A       3%          3
 Iskenderun's Mystic Bla  Conj/Tloc      24%        2d7       6%          4
 Flame Wave               Conj/Fire      22%        2d8       8%          4
 Summon Cactus Giant      Summ           2%         N/A       99%         6


Dungeon Overview and Level Annotations

Branches:
Dungeon (7/15)             Temple (0/1) D:6           Sewer (visited)
Ossuary (1/1)

Altars:
Okawaru
Wu Jian

Shops:
D:1 =


Innate Abilities, Weirdness & Mutations

You are a tree.
Your roots penetrate the ground, keeping you stationary.
You cannot be teleported.
You are immune to unholy pain and torment.
Your maximum health is greatly increased.
((You have sharp claws.))
((You have razor-sharp teeth.))
You have supernaturally acute eyesight. (SInv)
((You cover ground quickly. (Speed+)))
((You are covered in thick fur. (AC +2)))
((Your paws help you pounce on unaware monsters.))
You are incapable of wielding weapons or throwing items.
You cannot wear armour.
You gain extra lives every three experience levels.
Your body sometimes deteriorates upon taking damage.
You expend magic power (3 MP) to strengthen your wands.


Message History

The mummy hits you!
You barely miss the mummy.
The mummy is severely damaged.
The mummy hits you but does no damage.
You smack the mummy!
You destroy the mummy!
The Council accepts your kill.
The water moccasin zombie bites you but does no damage.
You smack the mummy!
The mummy is heavily damaged.
The water moccasin zombie completely misses you.
The mummy hits you!
* * * LOW HITPOINT WARNING * * *
Your body deteriorates!
You feel weakened.
You smack the mummy!
You destroy the mummy!
The Council accepts your kill.
The water moccasin zombie bites you but does no damage.
You smack the water moccasin zombie!
The water moccasin zombie is moderately damaged.
The water moccasin zombie bites you but does no damage. x2
You barely miss the water moccasin zombie.
The water moccasin zombie is moderately damaged.
The water moccasin zombie bites you but does no damage.
You hit the water moccasin zombie.
The water moccasin zombie is moderately damaged.
A killer bee zombie comes into view.
The water moccasin zombie bites you but does no damage.
You hit the water moccasin zombie.
The water moccasin zombie is moderately damaged.
The water moccasin zombie barely misses you.
You smack the water moccasin zombie!
The water moccasin zombie is heavily damaged.
The water moccasin zombie bites you but does no damage.
You hit the water moccasin zombie.
The water moccasin zombie is severely damaged.
The killer bee zombie hits you.
* * * LOW HITPOINT WARNING * * *
The water moccasin zombie bites you.
You die...

#######
#.#.#.#
#+#+#+#'#'#'#
............+
##+##'##'##.#
# #?..#.'.#
#!ZZ#.###
#!♣!#~+
#~#####M###
M~.~~~~~'.#
#~#####~###
#∩..#.~§#
#.∩.#.###
#..M#.'.
#'##+##'##.###
...M..MM.M.'.#


You could see a water moccasin zombie and a killer bee zombie.

Vanquished Creatures
  Pikel (D:5)
  Maggie (D:6)
  Grinder (D:4)
  Sigmund (D:4)
  Menkaure (D:5)
  A hornet zombie (Ossuary)
  A sky beast (D:6)
  A black bear (D:5)
  An ice beast (D:5)
  2 lemures (D:5)
  A phantom (D:3)
  A scorpion (D:4)
  A centaur zombie (Ossuary)
  2 bullfrog zombies (Ossuary)
  4 hounds
  A jelly (D:5)
  3 orc priests
  Crazy Yiuf (D:4)
  2 orc wizards (D:4)
  3 iguanas
  2 killer bee zombies (Ossuary)
  11 mummies (Ossuary)
  7 gnolls (D:4)
  3 river rats (Sewer)
  10 adders
  2 ufetubi
  3 worms
  4 dart slugs
  19 orcs
  8 endoplasms
  7 giant cockroaches
  9 goblins
  7 hobgoblins
  6 jackals
  7 quokkas
  11 ball pythons
  7 bats
  12 frilled lizards
  4 kobolds
  8 rats
177 creatures vanquished.

Vanquished Creatures (others)
  An orc wizard (D:6)
  14 fulminant prisms
15 creatures vanquished.

Grand Total: 192 creatures vanquished

Notes
Turn   | Place    | Note
-------+----------+-------------------------------------------
     0 | D:1      | Haiku the Felid Conjurer began the quest for the Orb.
     0 | D:1      | Reached XP level 1. HP: 7/7 MP: 4/4
   252 | D:1      | Reached XP level 2. HP: 9/12 MP: 3/6
   257 | D:1      | Learned a level 2 spell: Searing Ray
   399 | D:1      | Reached skill level 3 in Stealth
   459 | D:1      | Found a faded altar of an unknown god.
   860 | D:2      | Reached skill level 1 in Fighting
   861 | D:2      | Reached XP level 3. HP: 15/15 MP: 3/7
  1021 | D:4      | Noticed a scorpion
  1082 | D:4      | Found a runed translucent door.
  1083 | D:4      | Noticed Crazy Yiuf
  1116 | D:4      | Noticed Sigmund
  1144 | D:4      | Killed Sigmund
  1145 | D:4      | Reached skill level 1 in Unarmed Combat
  1145 | D:4      | Reached XP level 4. HP: 14/19 MP: 3/9
  1145 | D:4      | Reached XP level 5. HP: 16/22 MP: 3/10
  1147 | D:4      | Gained mutation: Your spells are a little harder to cast,
                  | but a little more powerful. [potion of mutation]
  1147 | D:4      | Gained mutation: Your flesh is heat resistant. (rF+)
                  | [potion of mutation]
  1147 | D:4      | Gained mutation: You are somewhat resistant to further
                  | mutation. [potion of mutation]
  1151 | D:4      | Reached skill level 5 in Conjurations
  1171 | D:4      | HP: 1/22 [orc/+0 trident (8)]
  1208 | D:4      | Killed from afar by an orc wizard
  1209 | D:4      | Reached XP level 4. HP: -4/19 MP: 2/9
  1221 | D:4      | Learned a level 4 spell: Fulminant Prism
  1236 | D:4      | Noticed a sky beast
  1236 | D:4      | Noticed a scorpion
  1238 | D:4      | Noticed a black bear
  1238 | D:4      | Noticed an ice beast
  1261 | D:4      | Noticed Grinder
  1279 | D:4      | Killed Grinder
  1280 | D:4      | Reached skill level 4 in Stealth
  1280 | D:4      | Reached skill level 1 in Hexes
  1280 | D:4      | Reached XP level 5. HP: 20/22 MP: 2/10
  1280 | D:4      | Gained mutation: You are covered in thick fur. (AC +2)
                  | [Felid growth]
  1280 | D:4      | Reached XP level 6. HP: 24/26 MP: 2/11
  2002 | D:4      | Killed Crazy Yiuf
  2003 | D:4      | Reached XP level 7. HP: 29/30 MP: 5/13
  2635 | D:3      | Reached skill level 5 in Dodging
  2796 | D:3      | Lost mutation: Your spells are a little harder to cast, but
                  | a little more powerful. [potion of mutation]
  2796 | D:3      | Lost mutation: Your flesh is heat resistant. (rF+) [potion
                  | of mutation]
  2796 | D:3      | Lost mutation: You are somewhat resistant to further
                  | mutation. [potion of mutation]
  2796 | D:3      | Gained mutation: Your mind is acute. (Int +4, Str/Dex -1)
                  | [potion of mutation]
  2796 | D:3      | Gained mutation: You are agile. (Dex +4, Str/Int -1)
                  | [potion of mutation]
  2796 | D:3      | Gained mutation: You are very agile. (Dex +8, Str/Int -2)
                  | [potion of mutation]
  2796 | D:3      | Gained mutation: You possess an exceptional clarity of
                  | mind. [potion of mutation]
  3262 | D:2      | Lost mutation: You possess an exceptional clarity of mind.
                  | [potion of mutation]
  3262 | D:2      | Lost mutation: Your mind is acute. (Int +4, Str/Dex -1)
                  | [potion of mutation]
  3262 | D:2      | Lost mutation: You are very agile. (Dex +8, Str/Int -2)
                  | [potion of mutation]
  3262 | D:2      | Lost mutation: You are agile. (Dex +4, Str/Int -1) [potion
                  | of mutation]
  3262 | D:2      | Gained mutation: Your body sometimes deteriorates upon
                  | taking damage. [potion of mutation]
  3262 | D:2      | Gained mutation: You expend magic power (3 MP) to
                  | strengthen your wands. [potion of mutation]
  3658 | D:2      | Learned a level 3 spell: Gell's Gravitas
  3793 | D:1      | Found Ymergh's Jewellery Emporium.
  4162 | D:1      | Prayed at the altar of an unknown god.
  4162 | D:1      | Became a worshipper of the Wu Jian Council
  4162 | D:1      | Reached * piety under Wu Jian
  4535 | D:5      | Entered Level 5 of the Dungeon
  4570 | D:5      | Found an iron altar of Okawaru.
  4755 | D:5      | Reached skill level 5 in Stealth
  4802 | D:5      | Noticed Menkaure
  4810 | D:5      | Killed Menkaure
  4811 | D:5      | Reached skill level 1 in Translocations
  5033 | D:5      | Learned a level 2 spell: Scorch
  5053 | D:5      | Reached XP level 8. HP: 18/34 MP: 8/14
  5272 | D:5      | Noticed Pikel
  5432 | D:5      | Reached skill level 6 in Stealth
  5615 | D:5      | Killed Pikel
  5616 | D:5      | Reached skill level 1 in Fire Magic
  5616 | D:5      | Reached skill level 1 in Evocations
  5825 | D:6      | Found a glowing drain.
  5835 | D:6      | Reached ** piety under Wu Jian
  5850 | Sewer    | Entered a sewer
  6003 | Sewer    | Reached skill level 7 in Stealth
  6476 | D:6      | Noticed Maggie
  6501 | D:6      | Killed Maggie
  6502 | D:6      | Reached XP level 9. HP: 26/38 MP: 0/16
  6676 | D:6      | Found a staircase to the Ecumenical Temple.
  7771 | D:7      | Found a sand-covered staircase.
  7778 | Ossuary  | Entered an ossuary
  7821 | Ossuary  | HP: 1/38 [hornet zombie (12)]
  7822 | Ossuary  | Engulfed by a cloud of steam
  7823 | Ossuary  | Reached XP level 8. HP: 0/35 MP: 0/16
  7834 | Ossuary  | Reached *** piety under Wu Jian
  7846 | Ossuary  | Reached skill level 5 in Spellcasting
  7910 | Ossuary  | HP: 1/54 [killer bee zombie (5)]
  7910 | Ossuary  | Slain by a water moccasin zombie

Illustrated notes

Levels and vault maps discovered:
D:1:      eino_arrival_cavern_b, layout_loops_ring, basic_ecumenical_altar,
          serial_shops, nicolae_shop_advertising_works
          [nicolae_subvault_shop_adworks]
D:2:      layout_loops_corners
D:3:      layout_basic
D:4:      layout_rooms, lightli_corner_chamber, uniq_sigmund, uniq_grinder,
          uniq_crazy_yiuf_cottage
D:5:      layout_basic, okawaru_gym_becter, dk_noncrumbling_4,
          chequers_serial_rivers_micro_c, uniq_pikel, uniq_menkaure
D:6:      layout_rooms, minmay_temple_entry_poolview, serial_co_window_serial,
          co_window_of_opportunity_a, co_window_corner_a,
          co_window_of_opportunity_a, co_window_of_opportunity_a,
          co_window_paths_b, co_window_corner_a, co_window_paths_b,
          co_window_broadway_a, co_window_corner_ca, co_window_corner_b,
          co_window_of_opportunity_b, co_window_corner_ca, co_window_corner_cb,
          co_window_corner_b, glass_columns_a, glass_columns_c,
          portal_sewer_entry_f, uniq_maggie
D:7:      layout_cave_pools, enter_bailey_4, nicolae_ossuary_entry_plus,
          glass_columns_a, kennysheep_small_spiral, minivault_14,
          grunt_decor_one_mirror, nrook_mini_vaults
Ossuary:  ossuary_zaba_flooded

Skill      XL: |  1  2  3  4  5  6  7  8  9 |
---------------+----------------------------+-----
Stealth        | 3 4 5 7 |  7.3
Conjurations   | 4 5 6 |  6.4
Fighting       | 1 2 3 |  3.7
Dodging        | 3 4 5 6 |  6.1
Unarmed Combat | 1 2 3 |  3.9
Spellcasting   | 3 5 |  5.1
Hexes          | 1 2 3 4 |  4.8
Translocations | 1 2 3 |  3.3
Fire Magic     | 1 2 |  2.4
Evocations     | 1 2 |  2.2

Action                   |  1- 3 |  4- 6 |  7- 9 || total
-------------------------+-------+-------+-------++-------
Melee: Unarmed           |    16 |    17 |   152 ||   185
       Bite              |     2 |       |    11 ||    13
       Punch             |       |       |     2 ||     2
 Cast: Magic Dart        |    23 |     2 |     3 ||    28
       Searing Ray       |    14 |    19 |    36 ||    69
       Fulminant Prism   |       |       |    14 ||    14
       Scorch            |       |       |    35 ||    35
Invok: Lunge             |       |       |    10 ||    10
       Whirlwind         |       |       |    27 ||    27
Evoke: Wand              |       |       |    16 ||    16
  Use: Scroll            |     4 |     1 |     9 ||    14
       Potion            |     3 |     3 |    10 ||    16
 Stab: Sleeping          |     1 |       |    16 ||    17
Armor: Skin              |     9 |    25 |    25 ||    59
Dodge: Dodged            |    23 |    44 |   197 ||   264
